 Dungeon Crawl Stone Soup version 0.21-a0-582-g1b93aee (webtiles) character file.

90982 Gaball the Spry (level 16, 0/178 HPs)
             Began as an Octopode Assassin on Dec 19, 2017.
             Was the Champion of Dithmenos.
             Killed from afar by a shock serpent (38 damage)
             ... with a bolt of electricity
             ... on level 3 of the Snake Pit on Dec 20, 2017.
             The game lasted 01:56:57 (30874 turns).

Gaball the Spry (Octopode Assassin)                Turns: 30874, Time: 01:56:59

Health: 0/178      AC:  8    Str: 14 (15) XL:     16   Next: 2%
Magic:  38/38      EV: 27    Int: 18      God:    Dithmenos [******]
Gold:   453        SH:  0    Dex: 17 (18) Spells: 31/34 levels left

rFire    . . .     SeeInvis +   V - +2 dagger (protect)
rCold    x . .     Gourm    .   (no shield)
rNeg     . . .     Faith    .   (helmet restricted)
rPois    +         Spirit   .   H - amulet "Asustreth" {Harm *Drain +Blink rPois rC- Slay+6}
rElec    .         Reflect  .   p - +5 ring of slaying
rCorr    +         Harm     +   A - ring of see invisible
MR       +....                  u - ring of resist corrosion
Stlth    ..........             Z - ring of magical power
HPRegen  0.39/turn              K - ring of stealth
MPRegen  0.26/turn              C - +3 ring of protection
                                w - +2 ring of intelligence
                                (no ring)

@: berserking, wreathed by umbra, very quick
A: almost no armour, stealthy swim, amphibious, 8 rings, constrict 8, iridescent
scales 1, molten scales 1, camouflage 1, deterioration 1, gelatinous body 1,
subdued magic 1
a: Shadow Step, Shadow Form, Renounce Religion, Evoke Blink


You were on level 3 of the Snake Pit.
You worshipped Dithmenos.
Dithmenos was exalted by your worship.
You were near starving.

You visited 6 branches of the dungeon, and saw 29 of its levels.
You also visited: Labyrinth.

You collected 1904 gold pieces.
You spent 1451 gold pieces at shops.

Inventory:

Hand Weapons
 b - a +0 blowgun
 D - the +5 dagger "Gaball's Curse" {antimagic, *Noise +Fly rElec rF++}
   (You took it off an orc on level 7 of the Dungeon)

   It reduces the magical energy of the wielder, and disrupts the spells and
   magical abilities of those hit.
   Natural abilities and divine invocations are not affected.
   It greatly protects you from fire.
   It insulates you from electricity.
   It lets you fly.
   It may make noises in combat.
 T - a +0 triple sword
 V - a +2 dagger of protection (weapon)
 Y - a cursed -1 triple crossbow
Missiles
 c - 54 poisoned needles
 d - 6 curare-tipped needles
 m - 8 needles of confusion
 E - 3 throwing nets (quivered)
Jewellery
 p - a +5 ring of slaying (left tentacle)
 u - a ring of resist corrosion (on tentacle)
 w - a +2 ring of intelligence (on tentacle)
 A - a ring of see invisible (right tentacle)
 C - a +3 ring of protection (on tentacle)
 H - the amulet "Asustreth" (around mantle) {Harm *Drain +Blink rPois rC- Slay+6}
   (You found it in a labyrinth)

   [amulet of harm]

   It increases damage dealt and taken.
   It affects your accuracy and damage with ranged weapons and melee attacks
   (+6).
   It makes you vulnerable to cold.
   It protects you from poison.
   It lets you blink.
   It causes draining when unequipped.
 K - a ring of stealth (on tentacle)
 Z - a ring of magical power (on tentacle)
Wands
 j - a wand of paralysis (13)
 t - a wand of polymorph (31)
 B - a wand of digging (34)
 F - a wand of scattershot (7)
 M - a wand of iceblast (6)
 Q - a wand of enslavement (6)
Scrolls
 g - 12 scrolls of remove curse
 r - 5 scrolls of amnesia
 s - a scroll of identify
 v - 5 scrolls of enchant weapon
 z - a scroll of summoning {unknown}
 G - 2 scrolls of acquirement
 J - 2 scrolls of enchant armour {unknown}
 L - 3 scrolls of teleportation
 P - a scroll of magic mapping
Potions
 a - a potion of brilliance
 h - 2 potions of mutation
 k - 3 potions of curing
 o - 3 potions of resistance
 q - 2 potions of ambrosia
 I - a potion of cancellation {unknown}
 N - 2 potions of haste
 O - 2 potions of might
 X - a potion of agility
Books
 e - a book of the Warp

   Spells                             Type                      Level
   a - Gell's Gravitas                Translocation                3
   b - Portal Projectile              Hexes/Translocation          3
   c - Force Lance                    Conjuration/Translocation    4
   d - Dispersal                      Translocation                6
   e - Controlled Blink               Translocation                8
   f - Disjunction                    Translocation                8
 l - a Young Poisoner's Handbook

   Spells                             Type                      Level
   a - Sting                          Conjuration/Poison           1
   b - Poisonous Vapours              Poison/Air                   2
   c - Mephitic Cloud                 Conjuration/Poison/Air       3
   d - Olgreb's Toxic Radiance        Poison                       4
   e - Venom Bolt                     Conjuration/Poison           5
 n - a book of Burglary

   Spells                             Type                      Level
   a - Swiftness                      Charms/Air                   2
   b - Passwall                       Transmutation/Earth          2
   c - Passage of Golubria            Translocation                4
   d - Lee's Rapid Deconstruction     Earth                        5
   e - Darkness                       Hexes                        6
   f - Invisibility                   Hexes                        6
 x - a book of Debilitation

   Spells                             Type                      Level
   a - Corona                         Hexes                        1
   b - Slow                           Hexes                        2
   c - Inner Flame                    Hexes/Fire                   3
   d - Portal Projectile              Hexes/Translocation          3
   e - Cause Fear                     Hexes                        4
   f - Leda's Liquefaction            Hexes/Earth                  4
 y - a book of Air

   Spells                             Type                      Level
   a - Shock                          Conjuration/Air              1
   b - Swiftness                      Charms/Air                   2
   c - Static Discharge               Conjuration/Air              3
   d - Airstrike                      Air                          4
   e - Lightning Bolt                 Conjuration/Air              5
Miscellaneous
 S - a phial of floods (inert)
Comestibles
 f - 35 rations


   Skills:
 + Level 14.0 Fighting
 - Level 10.3 Short Blades
 - Level 2.0 Throwing
 + Level 18.0 Dodging
 - Level 13.1 Stealth
 - Level 9.7 Spellcasting
 - Level 3.6 Conjurations
 + Level 2.0 Air Magic
 - Level 3.1 Poison Magic
 - Level 0.1 Evocations


You had 31 spell levels left.
You knew the following spells:

 Your Spells              Type           Power        Failure   Level  Hunger
a - Mephitic Cloud        Conj/Pois/Air  ##......     6%          3    None


Dungeon Overview and Level Annotations

Branches:
Dungeon (15/15)            Temple (1/1) D:7            Lair (6/6) D:10
 Shoals (0/4) Lair:4        Snake (4/4) Lair:4        Slime (0/5) Lair:6
    Orc (2/2) D:12            Elf (1/3) Orc:2
 Vaults: D:13-14     Depths: D:15

Altars:
Cheibriados
Dithmenos
Elyvilon
Fedhas
Gozag
Hepliaklqana
Kikubaaqudgha
Makhleb
Nemelex Xobeh
Okawaru
Qazlal
Ru
Sif Muna
Trog
Uskayaw
Vehumet
Xom
Yredelemnul
Zin
The Shining One

Shops:
D:8 =   D:11 }   Orc:1 *   Orc:2 [%*[   Snake:1 =}=

Annotations:
D:4 Edmund
D:10 Gastronok
D:11 3 exclusions
Lair:1 2 exclusions
Lair:2 1 exclusion
Lair:3 2 transporters, 2 exclusions
Lair:5 Josephine
Snake:3 Aizul


Innate Abilities, Weirdness & Mutations

You cannot wear most types of armour.
You are very stealthy in the water. (Stealth+)
You are amphibious.
You can wear up to eight rings at the same time.
You can use your tentacles to constrict eight enemies at once.
Your skin changes colour to match your surroundings (Stealth+).
Your rubbery body absorbs attacks. (AC +1, EV +1)
You are partially covered in iridescent scales. (AC +2)
You are partially covered in molten scales. (AC +2)
Your body sometimes deteriorates upon taking damage.
Your spells are a little easier to cast, but a little less powerful.


Message History

You start resting.
There is a large open door here.
The shock serpent hisses angrily.
The shock serpent shoots out a bolt of lightning at you!
The bolt of electricity misses you.
The shock serpent shoots out a bolt of lightning at you!
The bolt of electricity misses you.
There is a large open door, spattered with blood here.
You see here a flail.
The shock serpent bites you! The shock serpent shocks you!
You feel much better. The shock serpent bites you.
The shock serpent shocks you!
Okay, then.
A red film seems to cover your vision as you go berserk!
You feel yourself moving faster!
You feel mighty!
The shock serpent shoots out a bolt of lightning at you!
The bolt of electricity hits you!
* * * LOW HITPOINT WARNING * * *
The bolt of electricity hits you!
You die...

####### ########
##.....#######......##
##.......'...#...<....#####
#........#.#.).>.......'..#
#.>......#.#.'@S.......'..#
#..).....#.###.........#..# #
#........#.# #.........#..# #
#........#.# #.........#..#####
##.......#.# #.........#.......
##......#.# ##........#..#####
##......##.# #'#####'##..### #
#.......##.####......)......# #
#.......##.........###.####.###


You could see a shock serpent.

Vanquished Creatures
  Agnes (D:14)
  Snorg (D:11)
  5 naga warriors
  Harold (Orc:1)
  A catoblepas (Lair:2)
  A hydra (Lair:1)
  An ice dragon (D:12)
  11 two-headed ogres
  4 anacondas
  2 ogre magi (Orc:2)
  A naga sharpshooter (Snake:4)
  3 shock serpents
  2 deep trolls (Orc:2)
  The ghost of Thaneod the Destroyer, a novice DEWz of Vehumet (D:10)
  A sea snake (Orc:2)
  An unseen horror (D:15)
  An unseen horror (shapeshifter) (D:13)
  2 naga ritualists
  2 mana vipers
  An orc sorcerer (Orc:1)
  A wolf spider (D:15)
  A deep elf mage (D:15)
  2 ugly things
  A manticore (Lair:4)
  2 salamanders
  2 torpor snails
  A guardian serpent (Snake:3)
  Maurice (D:8)
  20 black mambas
  3 naga magi
  A water nymph (Orc:2)
  9 spiny frogs
  3 centaur skeletons
  2 wargs (Orc:2)
  A kobold demonologist (D:14)
  A freezing wraith (D:14)
  4 komodo dragons
  The ghost of Amnesiac the Slinger, a novice HaFi (D:5)
  12 trolls
  2 polar bears
  9 hippogriffs
  25 dream sheep
  A hornet (D:12)
  5 slime creatures
  9 blink frogs
  2 wyverns
  A shadow (D:13)
  3 wraiths (Lair:4)
  5 hogs
  45 yaks
  Sigmund (D:3)
  A hungry ghost (D:11)
  11 water moccasins
  2 acid dragons
  2 soldier ants (D:11)
  Menkaure (D:4)
  12 nagas
  7 porcupines
  Duvessa (D:7)
  2 ice beasts
  3 black bears
  8 sky beasts
  2 eyes of draining (D:11)
  A phantom (D:10)
  14 orc warriors
  7 wolves
  24 ogres
  7 centaurs
  10 crocodiles
  3 big kobolds
  11 bullfrogs
  Dowan (D:7)
  A wyvern skeleton (D:11)
  5 scorpions
  5 killer bees (D:7)
  9 wights
  6 howler monkeys
  7 crimson imps
  A quasit (D:11)
  2 bullfrog zombies
  15 orc priests
  9 hounds
  A bullfrog skeleton (D:10)
  5 jellies
  24 orc wizards
  7 iguanas
  Terence (D:3)
  9 worker ants
  A hound skeleton (D:6)
  Robin (D:2)
  A worker ant zombie (D:10)
  14 adders
  A howler monkey skeleton (D:4)
  A shadow imp (D:6)
  An ooze (D:1)
  3 adder zombies
  3 adder skeletons (D:4)
  2 worms
  A dart slug (D:1)
  5 leopard geckos
  83 orcs
  11 bats
  4 giant cockroaches
  17 goblins
  8 hobgoblins
  16 jackals
  16 kobolds
  6 quokkas
  2 ball pythons
  5 frilled lizards
  A leopard gecko skeleton (D:4)
  A quokka skeleton (D:9)
  13 rats
673 creatures vanquished.

Vanquished Creatures (collateral kills)
  Kirke (Lair:5)
  An azure jelly (Lab)
  An orc knight (Orc:2)
  A mana viper (Snake:1)
  A wolf (Lair:1)
  An orc (Orc:2)
6 creatures vanquished.

Vanquished Creatures (others)
  A troll (Orc:2)
  A human (Lair:5)
  A hog (Lair:5)
  A naga (Snake:3)
  6 fungi
  2 plants (Lair:5)
  A withered plant (D:15)
13 creatures vanquished.

Grand Total: 692 creatures vanquished

Notes
Turn   | Place    | Note
-------+----------+-------------------------------------------
     0 | D:1      | Gaball the Octopode Assassin began the quest for the Orb.
     0 | D:1      | Reached XP level 1. HP: 14/14 MP: 1/1
    53 | D:1      | Reached XP level 2. HP: 19/19 MP: 2/2
   307 | D:1      | Reached XP level 3. HP: 10/24 MP: 3/3
  1050 | D:2      | Noticed Robin
  1209 | D:2      | Noticed a moth of wrath
  1211 | D:2      | Found a bloodstained altar of Trog.
  1375 | D:2      | Reached XP level 4. HP: 14/29 MP: 4/4
  1423 | D:2      | Killed Robin
  1693 | D:2      | Found a basalt altar of Yredelemnul.
  1989 | D:3      | Noticed Sigmund
  2033 | D:3      | Killed Sigmund
  2033 | D:3      | Reached skill level 10 in Stealth
  2033 | D:3      | Reached XP level 5. HP: 34/34 MP: 5/5
  2033 | D:3      | Reached XP level 6. HP: 39/39 MP: 6/6
  2231 | D:3      | Found an ancient bone altar of Kikubaaqudgha.
  2238 | D:3      | Noticed Terence
  2419 | D:3      | Killed Terence
  2885 | D:4      | Noticed Menkaure
  2891 | D:4      | Killed Menkaure
  2891 | D:4      | Reached XP level 7. HP: 9/45 MP: 7/7
  3131 | D:4      | Found a burning altar of Makhleb.
  3133 | D:4      | Found a glowing silver altar of Zin.
  3133 | D:4      | Noticed an angel
  3134 | D:4      | Noticed a green death
  3165 | D:4      | Noticed Edmund
  3999 | D:5      | Entered Level 5 of the Dungeon
  4008 | D:4      | Reached skill level 5 in Short Blades
  4115 | D:5      | Reached XP level 8. HP: 30/54 MP: 8/8
  4194 | D:5      | Noticed Amnesiac's ghost (novice HaFi)
  4282 | D:5      | Killed Amnesiac's ghost
  4649 | D:5      | Reached skill level 5 in Fighting
  5498 | D:6      | Found a stormy altar of Qazlal.
  5753 | D:7      | Reached XP level 9. HP: 62/62 MP: 9/9
  6953 | D:7      | Found a staircase to the Ecumenical Temple.
  7251 | D:7      | Got a crude dagger {antimagic}
  7252 | D:7      | Identified the +5 dagger "Gaball's Curse" {antimagic, *Noise +Fly rElec rF++} (You took it off an orc on level 7 of the Dungeon)
  7422 | D:7      | Noticed Duvessa
  7425 | D:7      | Noticed Dowan
  7451 | D:7      | Killed Duvessa
  7453 | D:7      | Killed Dowan
  7763 | Temple   | Entered the Ecumenical Temple
  7840 | Temple   | Became a worshipper of Dithmenos the Shadowed
  8068 | D:8      | Noticed a two-headed ogre
  8116 | D:8      | Found Utyupum's Jewellery Shoppe.
  8493 | D:8      | Noticed Maurice
  8500 | D:8      | Killed Maurice
  8500 | D:8      | Reached XP level 10. HP: 71/71 MP: 10/10
  8539 | D:8      | Reached skill level 2 in Dodging
  8862 | D:8      | Reached * piety under Dithmenos
  9033 | D:8      | Got a crude long sword
  9044 | D:8      | Identified the +7 long sword of the Present {drain, +Inv rC+ MR+} (You found it on level 8 of the Dungeon)
  9078 | D:8      | Noticed a swamp dragon
  9078 | D:8      | a two-headed ogre changed into a swamp dragon
  9482 | D:9      | Reached skill level 10 in Short Blades
  9891 | D:9      | Reached ** piety under Dithmenos
 10076 | D:9      | Reached skill level 3 in Dodging
 10606 | D:10     | Entered Level 10 of the Dungeon
 10610 | D:10     | Reached skill level 4 in Dodging
 10621 | D:10     | Noticed Thaneod's ghost (novice DEWz)
 10654 | D:10     | Noticed a two-headed ogre
 10683 | D:10     | Found a staircase to the Lair.
 10735 | D:10     | Killed Thaneod's ghost
 10735 | D:10     | Reached skill level 5 in Dodging
 10950 | D:10     | Noticed Gastronok
 11096 | D:10     | Reached skill level 6 in Dodging
 11096 | D:10     | Reached XP level 11. HP: 48/78 MP: 11/11
 11349 | D:10     | Noticed a two-headed ogre
 11357 | D:10     | Noticed a six-headed hydra
 11357 | D:10     | Killed a two-headed ogre
 11543 | D:11     | Reached skill level 7 in Dodging
 11645 | D:11     | Noticed Snorg
 11657 | D:11     | Killed Snorg
 11894 | D:11     | Noticed a cyclops
 11915 | D:11     | Found Diwny's Gadget Boutique.
 11969 | D:11     | Reached *** piety under Dithmenos
 12074 | D:11     | Noticed a white ugly thing
 12311 | D:11     | Reached skill level 8 in Dodging
 12790 | D:11     | Noticed a cyclops
 12941 | D:12     | Found a staircase to the Orcish Mines.
 13071 | D:12     | Reached **** piety under Dithmenos
 13445 | D:12     | Reached skill level 9 in Dodging
 14312 | Orc:1    | Entered Level 1 of the Orcish Mines
 14356 | Orc:1    | Noticed Harold
 14365 | Orc:1    | Noticed an ettin
 14586 | Lair:1   | Entered Level 1 of the Lair of Beasts
 14701 | Lair:1   | Noticed a seven-headed hydra
 14747 | Lair:1   | Killed a seven-headed hydra
 14841 | Lair:1   | Reached skill level 10 in Fighting
 14869 | Lair:1   | Found a labyrinth entrance.
 14878 | Lab      | Entered a labyrinth
 15510 | Lab      | Noticed a minotaur
 15529 | Lab      | Reached skill level 11 in Dodging
 15529 | Lab      | Reached XP level 12. HP: 82/89 MP: 12/12
 15543 | Lab      | Noticed an emperor scorpion
 15543 | Lab      | a minotaur changed into an emperor scorpion
 15545 | Lab      | Noticed an azure jelly
 15545 | Lab      | an emperor scorpion changed into an azure jelly
 15567 | Lab      | Killed an azure jelly
 15567 | Lab      | Reached XP level 13. HP: 24/94 MP: 4/13
 15593 | Lab      | Got a vibrating jade amulet
 15596 | Lab      | Identified the amulet "Asustreth" {Harm *Drain +Blink rPois rC- Slay+6} (You found it in a labyrinth)
 15930 | Lair:1   | Reached skill level 12 in Dodging
 16614 | Lair:2   | Reached skill level 13 in Dodging
 17438 | Lair:3   | Found a transporter.
 17470 | Lair:3   | Found a transporter.
 17536 | Lair:3   | Learned a level 3 spell: Mephitic Cloud
 17716 | Lair:3   | Reached skill level 1 in Poison Magic
 17791 | Lair:3   | Reached skill level 1 in Spellcasting
 17935 | Lair:3   | Identified 2 scrolls of acquirement
 17993 | Lair:4   | Found a staircase to the Shoals.
 18343 | Lair:3   | Reached skill level 14 in Dodging
 18766 | Lair:4   | Found a staircase to the Snake Pit.
 19758 | Lair:5   | Noticed Kirke
 19789 | Lair:5   | Reached XP level 14. HP: 89/104 MP: 19/19
 19817 | Lair:5   | Noticed Josephine
 20332 | Lair:5   | Killed Kirke
 20332 | Lair:5   | Reached skill level 1 in Conjurations
 20373 | Lair:4   | Reached skill level 15 in Dodging
 20781 | D:11     | Reached ***** piety under Dithmenos
 21097 | Orc:1    | Killed Harold
 21184 | Orc:2    | Entered Level 2 of the Orcish Mines
 21206 | Orc:2    | Found a staircase to the Elven Halls.
 21288 | Orc:2    | Reached skill level 5 in Spellcasting
 21812 | Elf:1    | Entered Level 1 of the Elven Halls
 22223 | Orc:2    | Found Fefomex's General Store.
 22354 | Orc:2    | Reached skill level 16 in Dodging
 24054 | D:14     | Noticed Agnes
 24061 | D:14     | Killed Agnes
 24202 | D:14     | Reached skill level 17 in Dodging
 24271 | D:15     | Entered Level 15 of the Dungeon
 24816 | D:15     | Reached XP level 15. HP: 109/109 MP: 26/26
 25188 | Orc:2    | Found Kawann's Antique Armour Emporium.
 25191 | Orc:2    | Bought a scroll of teleportation for 42 gold pieces
 25193 | Orc:2    | Found Cozxeq's Armour Shop.
 25194 | Orc:2    | Found Yteli's Food Boutique.
 25688 | Orc:2    | Bought a potion of might for 56 gold pieces
 25688 | Orc:2    | Bought a scroll of blinking for 105 gold pieces
 25706 | Orc:1    | Found Qionnes's Assorted Antiques.
 26132 | Orc:1    | Bought a scroll of acquirement for 1248 gold pieces
 27259 | Lair:6   | Entered Level 6 of the Lair of Beasts
 27441 | Lair:6   | Found a staircase to the Slime Pits.
 27566 | Lair:6   | Reached ****** piety under Dithmenos
 27774 | Snake:1  | Entered Level 1 of the Snake Pit
 28350 | Snake:1  | Found Ropn's Jewellery Emporium.
 28355 | Snake:1  | Found Koam Eraro's Jewellery Emporium.
 28356 | Snake:1  | Found Hegel's Gadget Shop.
 29332 | Snake:3  | Noticed a nagaraja
 29820 | Snake:3  | Noticed Aizul
 29856 | Snake:3  | Gained mutation: You are dopey. (Int -2) [potion of mutation]
 29856 | Snake:3  | Gained mutation: Your spells are a little harder to cast, but a little more powerful. [potion of mutation]
 29857 | Snake:3  | Lost mutation: You are dopey. (Int -2) [potion of mutation]
 29857 | Snake:3  | Lost mutation: Your spells are a little harder to cast, but a little more powerful. [potion of mutation]
 29857 | Snake:3  | Gained mutation: Your spells are a little easier to cast, but a little less powerful. [potion of mutation]
 29857 | Snake:3  | Gained mutation: Your body sometimes deteriorates upon taking damage. [potion of mutation]
 29857 | Snake:3  | Gained mutation: You are partially covered in iridescent scales. (AC +2) [potion of mutation]
 29857 | Snake:3  | Gained mutation: You are partially covered in molten scales. (AC +2) [potion of mutation]
 29883 | Snake:4  | Entered Level 4 of the Snake Pit
 30091 | Snake:4  | Reached skill level 1 in Air Magic
 30228 | Snake:3  | Reached skill level 18 in Dodging
 30688 | Snake:4  | Reached XP level 16. HP: 65/119 MP: 29/29
 30874 | Snake:3  | Killed from afar by a shock serpent

Vault maps used:
D:1:      dpeg_arrival_pits
D:2:      yredelemnul_altar_generic, tgw_trog, uniq_robin
D:3:      lemuel_doored_altar, uniq_sigmund, uniq_terence
D:4:      grunt_temple_overflow_order_and_chaos_2, first_ration, uniq_edmund,
          uniq_menkaure
D:6:      kennysheep_mini, gup_sewer_entry_pipe
D:7:      minmay_temple_entry_enclosed_plants, uniq_duvessa
D:8:      amethyst_overflow_temple_binary, serial_shops,
          nicolae_shop_temple_entry_statues_fountains, special_room,
          uniq_maurice
D:9:      blue_anna_alchemist
D:10:     lair_entry_dummy, uniq_gastronok
D:11:     serial_shops, nicolae_shop_behind_doors, uniq_snorg
D:12:     david_orc_3
D:14:     david_vaults_4, lemuel_round_altar, basic_altar, tgw_sif, uniq_urug,
          uniq_agnes
D:15:     gammafunk_depths_entry_grave, serial_ice, serial_ice_k, serial_ice_n,
          serial_ice_g, serial_ice_d, minivault_19, okawaru_ov_weapons_minmay
Temple:   jpeg_temple_clearing
Lair:1:   lab_entry_generic, disabler_island
Lair:2:   serial_bayou_shore_a, grunt_megastairs_2
Lair:3:   gammafunk_cloud_chamber, special_room, grunt_megastairs_3
Lair:4:   minmay_shoals_entry_beasts, dummy_snake_entry
Lair:5:   minivault_11, uniq_josephine, uniq_kirke
Lair:6:   grunt_lair_end_beastmaster, nicolae_slime_entry_slimehenge,
          serial_bayou_lagoon_a, eino_house_with_fridge,
          infiniplex_staircase_pool_2
Snake:1:  nicolae_snake_serpentine_hallways, minmay_shop_grove
Snake:2:  kennysheep_six_static_rooms, special_room
Snake:3:  basic_altar, uniq_aizul
Snake:4:  grunt_snake_rune_pools
Orc:1:    serial_shops, shop, uniq_harold
Orc:2:    st_orc_open
Elf:1:    minmay_elf_arrival_circle, orc_legates, minmay_shoptagon, uniq_louise
Lab:      labyrinth_mini_lab, nicolae_lab_very_dead_end, nicolae_lab_do_over,
          nicolae_lab_starburst

Skill      XL: |  1  2  3  4  5  6  7  8  9 10 11 12 13 14 15 16 |
---------------+-------------------------------------------------+-----
Stealth        | 6 7 10 11 12 13 | 13.1
Short Blades   | 3 5 7 9 10 | 10.3
Fighting       | 3 6 7 8 10 12 14 | 14.0
Dodging        | 6 11 14 17 18 | 18.0
Poison Magic   | 3 |  3.1
Spellcasting   | 3 7 9 |  9.7
Conjurations   | 3 |  3.6
Air Magic      | 1 2 |  2.0
Throwing       | |  2.0
Evocations     | |  0.1

Action                   |  1- 3 |  4- 6 |  7- 9 | 10-12 | 13-15 | 16-18 || total
-------------------------+-------+-------+-------+-------+-------+-------++-------
Melee: Dagger            |    67 |   106 |   223 |   399 |  1020 |    10 ||  1825
       Constrict         |    19 |    27 |    46 |    67 |   120 |       ||   279
       Tentacles         |     9 |    17 |    51 |    72 |   236 |     1 ||   386
       Unarmed           |       |       |       |       |     6 |       ||     6
 Fire: Blowgun           |       |       |     4 |       |       |       ||     4
 Cast: Mephitic Cloud    |       |       |       |       |     3 |       ||     3
 Abil: Evoke Blink       |       |       |       |       |     5 |       ||     5
Evoke: Wand              |       |       |       |    17 |    21 |       ||    38
       Phial of floods   |       |       |       |     1 |     3 |       ||     4
  Use: Scroll            |       |     4 |     8 |     8 |    20 |       ||    40
       Potion            |       |     1 |       |    11 |     6 |     2 ||    20
 Stab: Sleeping          |    12 |    15 |    23 |    33 |    84 |       ||   167
       Distracted        |       |     1 |     1 |     7 |     4 |       ||    13
       Invisible         |       |       |       |       |     4 |       ||     4
       Confused          |       |       |       |       |     1 |       ||     1
  Eat: Chunk             |     1 |     5 |    18 |    16 |    38 |       ||    78
       Ration            |       |       |       |     1 |     3 |       ||     4
Armor: Skin              |     3 |     5 |     5 |    92 |    35 |       ||   140
Dodge: Dodged            |    22 |    51 |    82 |   164 |   708 |     3 ||  1030

Table legend:
 A = Spawn XP
 B = Non-spawn XP
 C = Spawn XP percentage of total XP
 D = Spawn monster count
 E = Non-spawn monster count
 F = Spawn count percentage of total count
 G = Total turns spent on level
                    A         B        C        D         E        F      G
               +---------+---------+-------+---------+---------+-------+---------
         Total |       0 |  116513 |   0.0 |       0 |     679 |   0.0 | 30874
               +---------+---------+-------+---------+---------+-------+---------
           D:1 |       0 |      44 |   0.0 |       0 |      24 |   0.0 |   691
           D:2 |       0 |      95 |   0.0 |       0 |      28 |   0.0 |  1205
           D:3 |       0 |     301 |   0.0 |       0 |      27 |   0.0 |   839
           D:4 |       0 |     700 |   0.0 |       0 |      30 |   0.0 |  1529
           D:5 |       0 |     984 |   0.0 |       0 |      11 |   0.0 |   689
           D:6 |       0 |     239 |   0.0 |       0 |      16 |   0.0 |   904
           D:7 |       0 |    1435 |   0.0 |       0 |      32 |   0.0 |  2004
           D:8 |       0 |    1484 |   0.0 |       0 |      35 |   0.0 |  1527
           D:9 |       0 |    2058 |   0.0 |       0 |      44 |   0.0 |  1129
          D:10 |       0 |    5408 |   0.0 |       0 |      26 |   0.0 |  1709
          D:11 |       0 |    3698 |   0.0 |       0 |      43 |   0.0 |  1610
          D:12 |       0 |    2298 |   0.0 |       0 |      21 |   0.0 |  1572
          D:13 |       0 |    2461 |   0.0 |       0 |      14 |   0.0 |   584
          D:14 |       0 |    4674 |   0.0 |       0 |      15 |   0.0 |   275
          D:15 |       0 |    3313 |   0.0 |       0 |      11 |   0.0 |   565
        Lair:1 |       0 |    5636 |   0.0 |       0 |      25 |   0.0 |  1077
        Lair:2 |       0 |    4253 |   0.0 |       0 |      13 |   0.0 |   874
        Lair:3 |       0 |    5378 |   0.0 |       0 |      24 |   0.0 |   881
        Lair:4 |       0 |   11453 |   0.0 |       0 |      48 |   0.0 |  2186
        Lair:5 |       0 |    5540 |   0.0 |       0 |      18 |   0.0 |   992
        Lair:6 |       0 |    4092 |   0.0 |       0 |      22 |   0.0 |   486
       Snake:1 |       0 |   13703 |   0.0 |       0 |      27 |   0.0 |  1375
       Snake:2 |       0 |    2388 |   0.0 |       0 |       5 |   0.0 |   198
       Snake:3 |       0 |    7892 |   0.0 |       0 |      16 |   0.0 |  1047
       Snake:4 |       0 |    3268 |   0.0 |       0 |       6 |   0.0 |   480
         Orc:1 |       0 |    3241 |   0.0 |       0 |      26 |   0.0 |  1485
         Orc:2 |       0 |   18782 |   0.0 |       0 |      71 |   0.0 |  1876
           Lab |       0 |    1695 |   0.0 |       0 |       1 |   0.0 |   978
               +---------+---------+-------+---------+---------+-------+---------
